 Dungeon Crawl Stone Soup version 0.21.1-1-g345015f (webtiles) character file.

3271 inc the Thaumaturge (level 10, -1/71 HPs)
             Began as an Octopode Venom Mage on June 12, 2018.
             Was an Initiate of Gozag.
             Slain by Gastronok (22 damage)
             ... on level 9 of the Dungeon.
             The game lasted 00:22:12 (10571 turns).

inc the Thaumaturge (Octopode Venom Mage)          Turns: 10571, Time: 00:22:13

Health: -1/71      AC:  1    Str:  8    XL:     10   Next: 0%
Magic:  3/23       EV: 16    Int: 21    God:    Gozag
Gold:   697        SH:  4    Dex: 12    Spells: 21/27 levels left

rFire    + + .     SeeInvis +   b - +1 falchion (protect)
rCold    + . .     Gourm    .   O - +0 buckler
rNeg     + . .     Faith    .   J - +0 hat
rPois    .         Spirit   .   (no amulet)
rElec    .         Reflect  .   d - ring of protection from fire
rCorr    +         Harm     .   m - ring of resist corrosion
MR       .....                  h - ring of flight
Stlth    +++.......             s - +3 ring of evasion
HPRegen  0.21/turn              y - ring of protection from cold
MPRegen  0.18/turn              B - ring of positive energy
                                I - ring of see invisible
                                A - ring of protection from fire

@: gold aura, slowed, very slow
A: almost no armour, stealthy swim, amphibious, 8 rings, constrict 8, camouflage
1, gelatinous body 1
a: Potion Petition, Call Merchant, Bribe Branch, Renounce Religion, Evoke Flight


You were on level 9 of the Dungeon.
You worshipped Gozag.
Gozag was pleased with you.
You were not hungry.

You visited 2 branches of the dungeon, and saw 10 of its levels.

You collected 758 gold pieces.
You paid 61 gold pieces to Gozag.

Inventory:

Hand Weapons
 b - a +1 falchion of protection (weapon)
 p - a +0 flail
 t - a +0 short sword
 x - a +2 antimagic spear
Armour
 J - a +0 hat (worn)
 O - a +0 buckler (worn)
Jewellery
 d - a ring of protection from fire (left tentacle)
 g - an uncursed ring of fire
 h - a ring of flight (on tentacle)
 m - a ring of resist corrosion (right tentacle)
 s - a +3 ring of evasion (on tentacle)
 y - a ring of protection from cold (on tentacle)
 A - a ring of protection from fire (on tentacle)
 B - a ring of positive energy (on tentacle)
 I - a ring of see invisible (on tentacle)
 L - an uncursed amulet of the gourmand {unknown}
 P - a +2 ring of dexterity {unknown}
Wands
 F - a wand of flame (61)
 G - a wand of disintegration (15)
Scrolls
 e - 2 scrolls of remove curse {unknown}
 f - 2 scrolls of random uselessness {unknown}
 k - a scroll of noise {unknown}
 l - a scroll of blinking {unknown}
 o - 5 scrolls of teleportation {unknown}
 q - 2 scrolls of magic mapping
 r - 3 scrolls of immolation {unknown}
 z - 2 scrolls of enchant armour {unknown}
 C - 3 scrolls of enchant weapon {unknown}
 K - a scroll of amnesia {unknown}
 M - 2 scrolls of fear {unknown}
Potions
 i - 2 potions of degeneration
 n - 3 potions of brilliance
 u - a potion of invisibility
 v - a potion of resistance
 D - a potion of agility
 E - a potion of flight
 N - 2 potions of might {unknown}
Books
 a - a Young Poisoner's Handbook

   Spells                             Type                      Level
   a - Sting                          Conjuration/Poison           1
   b - Poisonous Vapours              Poison/Air                   2
   c - Mephitic Cloud                 Conjuration/Poison/Air       3
   d - Olgreb's Toxic Radiance        Poison                       4
   e - Venom Bolt                     Conjuration/Poison           5
 H - a book of Changes

   Spells                             Type                      Level
   a - Beastly Appendage              Transmutation                1
   b - Sticks to Snakes               Transmutation                2
   c - Spider Form                    Transmutation/Poison         3
   d - Ice Form                       Ice/Transmutation            4
   e - Blade Hands                    Transmutation                5
Comestibles
 c - 8 rations


   Skills:
 - Level 7.1 Fighting
 - Level 2.0 Dodging
 - Level 2.6 Stealth
 + Level 1.9 Shields
 - Level 9.1 Spellcasting
 - Level 3.1 Conjurations
 - Level 3.2 Air Magic
 - Level 5.8 Poison Magic


You had 21 spell levels left.
You knew the following spells:

 Your Spells              Type           Power        Failure   Level  Hunger
a - Sting                 Conj/Pois      ####         1%          1    None
b - Poisonous Vapours     Pois/Air       ####..       1%          2    None
c - Mephitic Cloud        Conj/Pois/Air  ####....     4%          3    None


Dungeon Overview and Level Annotations

Branches:
Dungeon (9/15)             Temple (1/1) D:5
   Lair: D:8-11         Orc: D:9-12

Altars:
Ashenzari
Cheibriados
Dithmenos
Elyvilon
Fedhas
Gozag
Hepliaklqana
Kikubaaqudgha
Makhleb
Nemelex Xobeh
Okawaru
Qazlal
Ru
Sif Muna
Trog
Uskayaw
Vehumet
Wu Jian
Xom
Yredelemnul
Zin
The Shining One

Annotations:
D:3 inc's ghost, weakling OpFi
D:5 Menkaure
D:9 Gastronok


Innate Abilities, Weirdness & Mutations

You cannot wear most types of armour.
You are very stealthy in the water. (Stealth+)
You are amphibious.
You can wear up to eight rings at the same time.
You can use your tentacles to constrict eight enemies at once.
Your skin changes colour to match your surroundings (Stealth+).
Your rubbery body absorbs attacks. (AC +1, EV +1)


Message History

The orc hits the orc warrior with a war axe.
Unknown command.
You feel better.
Gastronok looks more healthy.
Okay, then.
The orc hits the orc warrior with a war axe!
The orc warrior is killed!
You have reached level 10!
You feel clever.
The orc is distracted by the nearby gold.
Casting: Mephitic Cloud
Confirm with . or Enter, or press ? or * to list all spells.
Aiming: Mephitic Cloud
Press: ? - help, Shift-Dir - straight line The ball explodes into a vile cloud!
The stinking cloud engulfs Gastronok.
Gastronok is moderately wounded.
The orc shouts!
The orc screams, "I'll kill you anyway!"
Gastronok is engulfed in noxious fumes.
Gastronok bites you!!
You die...
Your body crumbles into a pile of gold.

......
#.......#
......
#.......# ..##
#.......# ..
#.......#
#....####
#....# #....#
#....# #.@..#
#§w..# #§§..#
$ #§§..#
#....# $
#.$oo#
.########...$#
.............#
...........###


You could see Gastronok and 2 orcs.

Vanquished Creatures
  A two-headed ogre (D:8)
  Psyche (D:8)
  Prince Ribbit (D:7)
  Sigmund (D:3)
  2 ice beasts (D:8)
  2 orc warriors
  5 ogres
  3 centaurs
  Blork the orc (D:6)
  A water moccasin zombie (D:6)
  A scorpion (D:9)
  A howler monkey (D:4)
  3 crimson imps
  4 hounds
  2 centaur skeletons
  2 orc priests
  A jelly (D:7)
  A bullfrog skeleton (D:4)
  An iguana (D:4)
  7 orc wizards
  A worker ant (D:4)
  9 adders
  5 shadow imps
  2 adder skeletons
  3 worms
  2 dart slugs
  6 leopard geckos
  22 orcs
  2 ball pythons
  7 bats
  8 giant cockroaches
  6 goblins
  14 hobgoblins
  8 jackals
  5 kobolds
  A quokka (D:5)
  5 frilled lizards
  A jackal zombie (D:5)
  2 leopard gecko skeletons
  5 rats
155 creatures vanquished.

Notes
Turn   | Place    | Note
-------+----------+-------------------------------------------
     0 | D:1      | inc the Octopode Venom Mage began the quest for the Orb.
     0 | D:1      | Reached XP level 1. HP: 11/11 MP: 3/3
   153 | D:1      | Reached XP level 2. HP: 17/17 MP: 1/5
   763 | D:2      | Reached XP level 3. HP: 21/21 MP: 0/6
  1086 | D:2      | Reached skill level 3 in Spellcasting
  1086 | D:2      | Reached XP level 4. HP: 7/27 MP: 0/8
  1907 | D:2      | Reached XP level 5. HP: 22/31 MP: 2/10
  2387 | D:3      | Noticed inc's ghost (weakling OpFi)
  2436 | D:3      | Noticed Sigmund
  2447 | D:3      | Killed Sigmund
  2447 | D:3      | Reached skill level 4 in Spellcasting
  2447 | D:3      | Reached skill level 5 in Poison Magic
  2447 | D:3      | Reached XP level 6. HP: 21/36 MP: 1/12
  2487 | D:2      | Learned a level 2 spell: Poisonous Vapours
  2491 | D:2      | Learned a level 3 spell: Mephitic Cloud
  2830 | D:3      | Found a glowing golden altar of the Shining One.
  4131 | D:4      | Reached XP level 7. HP: 41/41 MP: 9/14
  4358 | D:4      | Reached skill level 5 in Spellcasting
  4633 | D:4      | Found a shadowy altar of Dithmenos.
  4735 | D:5      | Entered Level 5 of the Dungeon
  4987 | D:5      | You fall through a shaft!
  4992 | D:6      | Noticed Blork the orc
  5009 | D:6      | Killed Blork the orc
  5298 | D:6      | Reached skill level 6 in Spellcasting
  5298 | D:6      | Reached skill level 1 in Air Magic
  5572 | D:6      | Found a white marble altar of Elyvilon.
  5591 | D:6      | Reached XP level 8. HP: 11/46 MP: 17/17
  6151 | D:5      | Found a staircase to the Ecumenical Temple.
  6160 | Temple   | Entered the Ecumenical Temple
  6198 | Temple   | Became a worshipper of Gozag Ym Sagoz the Greedy
  6368 | D:5      | Noticed Menkaure
  7877 | D:6      | Reached skill level 7 in Spellcasting
  8123 | D:7      | Found a shadowy altar of Dithmenos.
  8559 | D:7      | Noticed Prince Ribbit
  8566 | D:7      | Killed Prince Ribbit
  8566 | D:7      | Reached skill level 8 in Spellcasting
  8770 | D:7      | Found a burning altar of Makhleb.
  8803 | D:7      | Reached XP level 9. HP: 30/51 MP: 10/21
  9181 | D:8      | Noticed a two-headed ogre
  9452 | D:8      | Reached skill level 9 in Spellcasting
  9719 | D:8      | Killed a two-headed ogre
  9788 | D:8      | Reached skill level 5 in Fighting
 10070 | D:8      | Noticed Psyche
 10083 | D:8      | Killed Psyche
 10493 | D:9      | Reached skill level 1 in Shields
 10547 | D:9      | Noticed Gastronok
 10570 | D:9      | Reached XP level 10. HP: 21/71 MP: 5/23
 10571 | D:9      | Slain by Gastronok

Skill      XL: |  1  2  3  4  5  6  7  8  9 |
---------------+----------------------------+-----
Conjurations   | 2 3 |  3.1
Spellcasting   | 3 4 6 8 9 |  9.1
Poison Magic   | 5 |  5.8
Air Magic      | 2 3 |  3.2
Fighting       | 7 |  7.1
Shields        | 1 |  1.9
Dodging        | |  2.0
Stealth        | |  2.6

Action                   |  1- 3 |  4- 6 |  7- 9 | 10-12 || total
-------------------------+-------+-------+-------+-------++-------
Melee: Unarmed           |    18 |       |       |       ||    18
       Constrict         |     7 |    11 |    28 |       ||    46
       Tentacles         |     4 |     3 |    30 |       ||    37
       Flail             |       |     9 |       |       ||     9
       Short sword       |       |    30 |   102 |       ||   132
       Falchion          |       |       |    54 |       ||    54
 Cast: Sting             |    49 |   124 |    30 |       ||   203
       Poisonous Vapours |       |       |   106 |       ||   106
       Mephitic Cloud    |       |       |     9 |     1 ||    10
  Use: Scroll            |       |       |     9 |       ||     9
       Potion            |       |       |     3 |       ||     3
 Stab: Sleeping          |       |     3 |     4 |       ||     7
       Distracted        |       |       |     1 |       ||     1
  Eat: Chunk             |       |    10 |     6 |       ||    16
       Ration            |       |       |     4 |       ||     4
Armor: Skin              |     1 |     2 |    17 |       ||    20
Dodge: Dodged            |    18 |    58 |   147 |       ||   223
Block: Buckler           |       |       |     3 |       ||     3
       Rpst.: Falchion   |       |       |    17 |       ||    17
